Map: 카이로스 정션 - 래더

Players

Minato

  • Race: Zerg Zerg
  • Spawn Location: 5:00

Hurricane - Winner!

  • Race: Protoss Protoss
  • Spawn Location: 11:00

Event: IEM Season 13: Katowice (2019)

VOD

Have the link to the VOD?

Description

Time

  • Played on: Feb. 26, 2019, 4:25 a.m.
  • Length: 12:01

All games in this series

Show
View Real Time Build Order
Export as new Build Order

Minato Zerg 

Build Orders: Hatch First 

Get SALT Encoding   

  12  0:00  Drone  
  13  0:12  Overlord  
  13  0:16  Drone  
  14  0:30  Drone  
  15  0:46  Hatchery  
  15  0:48  Drone  
  15  0:52  Drone  
  15  0:56  Drone  
  17  1:01  Drone  
  18  1:04  Extractor  
  17  1:16  Spawning Pool  
  16  1:20  Drone  
  16  1:23  Drone  
  18  1:32  Drone  
  19  1:46  Overlord  
  19  1:55  Drone  
  19  1:58  Drone  
  21  2:04  Queen x2, Drone  
  26  2:09  Drone  
  26  2:13  Metabolic Boost  
  27  2:18  Drone  
  27  2:21  Drone  
  29  2:25  Drone  
  30  2:31  Drone  
  30  2:36  Zergling x2  
  32  2:40  Zergling x2  
  32  2:43  Queen  
  35  2:44  Pneumatized Carapace  
  35  2:47  Drone  
  36  2:51  Overlord  
  36  3:10  Drone  
  36  3:11  Drone x2  
  39  3:14  Drone x5  
  39  3:15  Overlord  
  39  3:16  Overlord  
  44  3:22  Lair  
  44  3:30  Extractor  
  44  3:32  Roach Warren  
  42  3:34  Spore Crawler  
  42  3:35  Drone  
  42  3:42  Drone x3  
  42  3:45  Extractor  
  44  3:50  Drone x5  
  49  4:05  Hatchery  
  49  4:06  Zergling x2  
  49  4:07  Zergling x2  
  49  4:09  Overlord  
  50  4:16  Overlord  
  50  4:17  Overlord  
  50  4:21  Glial Reconstitution  
  51  4:24  Roach  
  53  4:38  Roach x3  
  53  4:43  Roach x3  
  63  4:49  Spore Crawler  
  63  4:52  Roach x3  
  68  4:56  Overlord  
  68  5:11  Overlord x2  
  68  5:15  Roach  
  68  5:16  Roach x3  
  68  5:19  Roach  
  78  5:27  Roach x2  
  82  5:30  Roach x3  
  82  5:33  Roach  
  90  5:40  Drone x5  
  95  5:48  Drone  
  96  5:55  Roach x2  
  96  5:56  Overlord x2  
  96  6:10  Roach  
  97  6:11  Roach  
  97  6:17  Roach x3  
  100  6:23  Roach  
  100  6:24  Roach x5  
  100  6:30  Roach x3  
  106  6:37  Overlord x2  
  106  6:49  Overlord  
  106  6:54  Overlord x2  
  106  6:56  Ravager x3  
  106  6:58  Ravager  
  106  7:01  Zergling x12  
  114  7:03  Zergling x2  
  117  7:09  Ravager  
  117  7:13  Roach, Zergling x2  
  121  7:16  Roach, Zergling x2  
  121  7:22  Overseer  
  124  7:25  Zergling x8  
  128  7:34  Roach, Zergling x4  
  129  7:37  Roach  
  129  7:41  Roach  
  133  7:45  Roach  
  133  7:49  Roach x2  
  139  7:56  Roach  
  136  8:18  Roach x2, Zergling x6  
  136  8:19  Roach  
  131  8:26  Roach x2  
  99  8:36  Roach x2, Zergling x2  
  99  8:41  Roach x2  
  96  8:43  Queen x2  
  96  8:44  Queen  
  96  8:45  Roach  
  104  8:51  Roach  
  98  8:55  Roach x2  
  98  9:00  Roach  
  100  9:03  Roach  
  100  9:07  Roach  
  104  9:11  Roach  
  104  9:14  Ravager x2  
  104  9:15  Ravager  
  109  9:19  Roach, Zergling x2  
  112  9:27  Roach x2, Evolution Chamber  
  112  9:29  Roach  
  116  9:33  Roach  
  116  9:37  Roach  
  119  9:41  Roach  
  120  9:48  Roach x2, Zergling x2  
  120  9:53  Roach, Zergling x4  
  120  9:56  Roach x2  
  124  10:02  Roach, Zergling x2  
  124  10:03  Zergling x6  
  130  10:07  Spore Crawler  
  130  10:10  Zergling x2  
  130  10:11  Overlord x2  
  127  10:31  Roach x4  
  127  10:32  Roach x2  
  139  10:38  Roach x2, Zergling x4  
  132  11:01  Roach x4, Zergling x10  
  116  11:18  Roach x3, Zergling x4  
  87  11:23  Roach x2  
  85  11:28  Roach x2  
  77  11:37  Roach, Zergling x4  
  77  11:39  Ravager  
  77  11:40  Ravager  
  77  11:41  Ravager  
Show
View Real Time Build Order
Export as new Build Order

Hurricane Protoss - Winner!

Build Orders: 1 Gate Expand, Oracle Opening, Phoenix Opening, Archon Immortal 

Get SALT Encoding   

  12  0:01  Probe  
  13  0:13  Probe  
  14  0:19  Pylon  
  14  0:25  Probe  
  15  0:33  Probe  
  15  0:41  Gateway, Probe  
  17  0:51  Probe  
  17  0:55  Assimilator  
  18  1:03  Probe  
  19  1:15  Probe  
  20  1:25  Nexus  
  20  1:35  Cybernetics Core  
  20  1:37  Probe  
  21  1:45  Assimilator  
  21  1:49  Probe  
  21  1:53  Pylon  
  22  2:01  Adept, Probe  
  23  2:13  Probe  
  26  2:20  Stargate  
  26  2:25  Probe  
  27  2:34  Probe x2  
  27  2:37  Warp Gate, Adept  
  27  2:42  Probe x2  
  33  2:52  Probe x2  
  33  2:56  Phoenix  
  35  3:04  Probe  
  38  3:06  Probe  
  38  3:09  Pylon  
  39  3:16  Probe  
  39  3:18  Probe  
  39  3:19  Oracle  
  41  3:25  Assimilator  
  44  3:28  Probe, Assimilator  
  44  3:30  Probe  
  46  3:37  Gateway  
  46  3:41  Pylon  
  46  3:42  Probe  
  46  3:43  Probe  
  48  3:50  Robotics Facility  
  48  3:54  Probe  
  50  3:55  Probe  
  49  4:04  Twilight Council  
  49  4:06  Probe  
  49  4:07  Probe  
  51  4:18  Probe  
  51  4:19  Probe  
  53  4:26  Gateway, Warp Prism  
  53  4:28  Gateway  
  53  4:31  Charge  
  53  4:33  Gateway  
  53  4:35  Gateway  
  55  4:48  Templar Archives  
  55  4:51  Immortal  
  55  4:52  Pylon  
  55  5:03  Pylon  
  59  5:10  Sentry x2  
  63  5:18  Pylon  
  63  5:21  Forge  
  63  5:28  Immortal, Zealot, Shield Battery, High Templar x2  
  65  5:29  Zealot  
  65  5:35  Archon  
  75  5:46  Probe x2  
  77  5:51  Pylon  
  77  6:02  Immortal  
  77  6:05  Zealot x4  
  77  6:09  Pylon  
  85  6:14  Pylon  
  87  6:29  Protoss Ground Weapons Level 1, High Templar  
  87  6:30  High Templar  
  87  6:31  Immortal  
  91  6:36  Cybernetics Core, Archon  
  89  6:46  Zealot x3  
  97  6:48  Zealot  
  97  6:53  Psionic Storm  
  99  7:08  High Templar  
  99  7:09  Pylon  
  99  7:13  High Templar  
  103  7:16  Nexus  
  103  7:20  Pylon  
  103  7:24  Immortal  
  107  7:35  High Templar  
  107  7:36  Zealot x3  
  109  7:43  Probe x2  
  111  7:47  Shield Battery, High Templar  
  113  7:56  Zealot x3  
  119  8:05  Zealot  
  101  8:15  Zealot  
  95  8:20  Zealot  
  95  8:21  Zealot x3  
  95  8:27  Probe  
  90  8:33  Archon  
  90  8:34  Archon  
  77  8:37  Probe x2  
  77  8:39  Probe  
  68  8:44  High Templar  
  68  8:45  High Templar  
  65  8:55  Zealot x2  
  69  8:59  High Templar  
  69  9:00  High Templar  
  69  9:01  Probe x2  
  75  9:07  Immortal  
  75  9:13  Probe x2  
  81  9:25  Sentry  
  82  9:31  Sentry, Zealot  
  82  9:32  Zealot  
  88  9:43  Sentry, Zealot  
  92  9:51  Immortal  
  92  9:58  Probe  
  87  10:07  Nexus  
  87  10:12  High Templar  
  89  10:26  Probe x2  
  91  10:32  Pylon  
  91  10:33  High Templar  
  93  10:42  Immortal  
  97  10:50  Zealot x3  
  93  11:11  Archon  
  87  11:12  Warp Prism  
  87  11:14  Zealot x6  
  87  11:37  Zealot, Nexus, High Templar x4  
  87  11:39  Zealot  
  95  11:41  Archon x2  

Tags
 
Add a new tag
Caveats
  • Supply blocks, unpowered buildings, or Contaminate may cause inaccurate times.
  • Supply counts are checked every 10 seconds.